[ AOE2 MATCH · #507336891 ]
UnrankedLithuanians vs Ethiopians
[ REPLAY ANALYSIS · EXTRACTED FROM THE RECORDED GAME ]
Feudal
9:44
Castle
21:36
Imperial
35:33
| APM avg | 65.2 |
| APM peak | 139 |
| eAPM avg | 27.7 |
| Villagers / military | 184 / 273 |
Focus
⚔️ 40.0% · 🌾 60.0%
Skirmisher ×181 · Hand Cannoneer ×55 · Archer ×9 · Leitis ×5 · Militia ×5 · Cavalry Archer ×5
Feudal
10:07
Castle
21:10
Imperial
35:44
| APM avg | 117.1 |
| APM peak | 185 |
| eAPM avg | 59.3 |
| Villagers / military | 155 / 258 |
Focus
⚔️ 75.6% · 🌾 24.4%
Shotel Warrior ×158 · Skirmisher ×77 · Spearman ×7 · Trebuchet (Packed) ×4 · Monk ×3 · Militia ×3
Match map
Initial resources + every placement click. Lines = walls · curves = elevation contours. ◆ gold · ⬟ stone · ● berries · ✦ relic · ◌ wall gap
Your base· Open — opponent sealed themselves in
NOC | Mati's base· ✓ Closed at 21:10 · 82t walls · no gate
Smoothed initial terrain · ◌ = detected wall gap · hover for details
Inputs per minute
— Scotty - - NOC | Mati
Build order — Scotty
First 150 of 513 actions detected
| 0:01 | Queue | Villager (Male) ×5 |
| 0:01 | Queue | Villager (Male) ×5 |
| 0:01 | Queue | Villager (Male) |
| 0:02 | Build | House |
| 0:04 | Build | House |
| 0:56 | Build | Lumber Camp |
| 1:28 | Queue | Villager (Male) |
| 1:28 | Queue | Villager (Male) |
| 1:28 | Queue | Villager (Male) |
| 2:30 | Queue | Villager (Male) |
| 2:34 | Queue | Villager (Male) |
| 2:34 | Queue | Villager (Male) |
| 2:35 | Queue | Villager (Male) |
| 3:14 | Queue | Villager (Male) |
| 3:19 | Queue | Villager (Male) |
| 3:19 | Queue | Villager (Male) |
| 3:19 | Queue | Villager (Male) |
| 3:26 | Build | House |
| 3:58 | Build | Barracks |
| 4:24 | Build | House |
| 4:29 | Queue | Villager (Male) |
| 4:43 | Queue | Villager (Male) |
| 4:59 | Queue | Militia |
| 4:59 | Queue | Militia |
| 5:00 | Queue | Militia |
| 5:00 | Queue | Militia |
| 5:13 | Queue | Villager (Male) |
| 5:30 | Build | Mill |
| 5:35 | Queue | Militia |
| 5:37 | Queue | Villager (Male) |
| 5:37 | Queue | Villager (Male) |
| 6:13 | Queue | Villager (Male) |
| 6:33 | Queue | Villager (Male) |
| 6:34 | Research | Loom |
| 7:34 | Research | Feudal Age |
| 7:34 | Research | Feudal Age |
| 8:02 | Build | Lumber Camp |
| 8:23 | Build | House |
| 8:35 | Build | House |
| 8:38 | Queue | Villager (Male) |
| 8:48 | Build | House |
| 8:59 | Build | Mining Camp |
| 9:28 | Build | Palisade Wall |
| 9:34 | Build | Palisade Wall |
| 9:35 | Build | Palisade Wall |
| 9:35 | Build | Palisade Wall |
| 9:38 | Queue | Villager (Male) |
| 9:44 | Age | Feudal Age |
| 9:50 | Queue | Villager (Male) |
| 9:52 | Build | Archery Range |
| 10:06 | Research | Double-Bit Axe |
| 10:06 | Research | Double-Bit Axe |
| 10:13 | Queue | Villager (Male) |
| 10:28 | Build | Palisade Wall |
| 10:30 | Build | Palisade Wall |
| 10:36 | Queue | Villager (Male) |
| 10:54 | Queue | Villager (Male) |
| 10:56 | Build | Farm |
| 10:59 | Queue | Archer |
| 10:59 | Queue | Archer |
| 10:59 | Queue | Archer |
| 10:59 | Queue | Archer |
| 11:06 | Build | House |
| 11:07 | Build | House |
| 11:09 | Build | House |
| 11:13 | Queue | Villager (Male) |
| 11:16 | Build | Farm |
| 11:22 | Queue | Spearman |
| 11:28 | Build | House |
| 11:43 | Build | Farm |
| 11:44 | Queue | Villager (Male) |
| 11:52 | Queue | Villager (Male) |
| 11:54 | Queue | Archer |
| 11:54 | Queue | Archer |
| 11:54 | Queue | Archer |
| 12:04 | Build | House |
| 12:12 | Build | Farm |
| 12:28 | Build | Blacksmith |
| 12:40 | Queue | Villager (Male) |
| 12:45 | Queue | Skirmisher |
| 12:45 | Queue | Skirmisher |
| 12:45 | Queue | Skirmisher |
| 12:51 | Build | Farm |
| 12:56 | Build | House |
| 13:16 | Queue | Villager (Male) |
| 13:30 | Build | Farm |
| 13:32 | Queue | Archer |
| 13:41 | Queue | Villager (Male) |
| 13:43 | Build | Farm |
| 13:45 | Build | Farm |
| 14:04 | Build | Farm |
| 14:11 | Queue | Villager (Male) |
| 14:27 | Research | Fletching |
| 14:27 | Research | Fletching |
| 14:29 | Queue | Archer |
| 14:31 | Queue | Villager (Male) |
| 14:31 | Queue | Villager (Male) |
| 14:36 | Build | Farm |
| 14:47 | Queue | Villager (Male) |
| 14:49 | Build | Farm |
| 14:52 | Build | Farm |
| 14:59 | Queue | Skirmisher |
| 14:59 | Queue | Skirmisher |
| 15:00 | Queue | Skirmisher |
| 15:12 | Build | Farm |
| 15:22 | Queue | Villager (Male) |
| 15:22 | Queue | Villager (Male) |
| 15:22 | Queue | Villager (Male) |
| 15:22 | Queue | Villager (Male) |
| 15:26 | Build | Farm |
| 15:48 | Build | Farm |
| 15:50 | Build | Farm |
| 15:54 | Queue | Skirmisher |
| 15:54 | Queue | Skirmisher |
| 15:59 | Build | Farm |
| 16:01 | Queue | Villager (Male) |
| 16:18 | Build | Farm |
| 16:25 | Queue | Villager (Male) |
| 16:50 | Queue | Skirmisher |
| 16:51 | Queue | Skirmisher |
| 17:02 | Queue | Skirmisher |
| 17:05 | Queue | Villager (Male) |
| 17:10 | Build | Farm |
| 17:14 | Build | Farm |
| 17:18 | Queue | Skirmisher |
| 17:18 | Queue | Skirmisher |
| 17:30 | Queue | Villager (Male) |
| 17:55 | Queue | Villager (Male) |
| 18:06 | Build | Farm |
| 18:25 | Queue | Villager (Male) |
| 18:30 | Build | Archery Range |
| 18:56 | Research | Castle Age |
| 18:56 | Research | Castle Age |
| 18:56 | Research | Castle Age |
| 18:58 | Queue | Skirmisher |
| 19:04 | Build | House |
| 19:06 | Build | House |
| 19:18 | Queue | Skirmisher |
| 19:23 | Research | Horse Collar |
| 19:23 | Research | Horse Collar |
| 19:32 | Queue | Skirmisher |
| 19:32 | Queue | Skirmisher |
| 19:50 | Queue | Villager (Male) |
| 20:04 | Queue | Villager (Male) |
| 20:34 | Queue | Skirmisher |
| 20:34 | Queue | Skirmisher |
| 20:36 | Build | Farm |
| 20:57 | Queue | Skirmisher |
| 20:57 | Queue | Skirmisher |
| 21:26 | Queue | Skirmisher |
Build order — NOC | Mati
First 150 of 617 actions detected
| 0:00 | Queue | Villager (Male) ×4 |
| 0:01 | Build | House |
| 0:02 | Build | House |
| 1:36 | Queue | Villager (Male) |
| 1:36 | Queue | Villager (Male) |
| 1:59 | Queue | Villager (Male) |
| 2:11 | Build | Lumber Camp |
| 2:16 | Queue | Villager (Male) |
| 2:16 | Queue | Villager (Male) |
| 2:43 | Queue | Villager (Male) |
| 3:01 | Queue | Villager (Male) |
| 3:16 | Queue | Villager (Male) |
| 3:50 | Queue | Villager (Male) |
| 3:56 | Build | House |
| 4:16 | Queue | Villager (Male) |
| 4:30 | Queue | Villager (Male) |
| 5:03 | Build | Barracks |
| 5:17 | Queue | Villager (Male) |
| 5:17 | Queue | Villager (Male) |
| 5:30 | Build | House |
| 5:38 | Queue | Villager (Male) |
| 5:56 | Queue | Villager (Male) |
| 6:08 | Queue | Militia |
| 6:08 | Queue | Militia |
| 6:10 | Build | Palisade Wall |
| 6:27 | Queue | Militia |
| 6:29 | Queue | Villager (Male) |
| 7:11 | Research | Loom |
| 7:24 | Build | Mill |
| 7:33 | Build | Palisade Wall |
| 7:36 | Build | Palisade Wall |
| 7:46 | Build | Palisade Wall |
| 7:47 | Build | Palisade Wall |
| 7:52 | Build | House |
| 7:57 | Research | Feudal Age |
| 8:18 | Build | House |
| 8:59 | Build | Palisade Wall |
| 9:12 | Queue | Villager (Male) |
| 9:30 | Build | House |
| 9:32 | Build | Palisade Wall |
| 10:02 | Build | House |
| 10:04 | Build | Palisade Wall |
| 10:05 | Build | Palisade Wall |
| 10:07 | Age | Feudal Age |
| 10:12 | Build | Palisade Wall |
| 10:19 | Build | Archery Range |
| 10:21 | Research | Man-at-Arms (upgrade) |
| 10:23 | Queue | Villager (Male) |
| 10:32 | Build | Palisade Wall |
| 10:38 | Queue | Villager (Male) |
| 11:00 | Queue | Villager (Male) |
| 11:02 | Build | Farm |
| 11:03 | Build | Farm |
| 11:03 | Queue | Villager (Male) |
| 11:11 | Queue | Skirmisher |
| 11:13 | Build | Mining Camp |
| 11:29 | Queue | Skirmisher |
| 11:33 | Queue | Villager (Male) |
| 11:45 | Build | Lumber Camp |
| 11:48 | Queue | Villager (Male) |
| 11:50 | Queue | Skirmisher |
| 12:07 | Build | Palisade Wall |
| 12:12 | Build | Palisade Wall |
| 12:13 | Build | Palisade Wall |
| 12:15 | Build | Palisade Wall |
| 12:19 | Build | Palisade Wall |
| 12:25 | Queue | Skirmisher |
| 12:33 | Build | Palisade Wall |
| 12:34 | Build | Palisade Wall |
| 12:38 | Build | House |
| 12:39 | Build | Palisade Wall |
| 12:40 | Build | Palisade Wall |
| 12:48 | Build | Palisade Wall |
| 12:49 | Build | Palisade Wall |
| 12:52 | Build | Farm |
| 12:52 | Queue | Villager (Male) |
| 12:56 | Build | Palisade Wall |
| 13:09 | Build | Palisade Wall |
| 13:18 | Queue | Villager (Male) |
| 13:34 | Queue | Villager (Male) |
| 13:37 | Build | Blacksmith |
| 13:54 | Queue | Villager (Male) |
| 14:07 | Queue | Skirmisher |
| 14:18 | Build | Farm |
| 14:19 | Build | Farm |
| 14:26 | Build | Farm |
| 14:27 | Build | Farm |
| 14:28 | Queue | Villager (Male) |
| 14:45 | Research | Fletching |
| 14:45 | Queue | Villager (Male) |
| 14:45 | Queue | Skirmisher |
| 14:48 | Build | Farm |
| 14:49 | Queue | Villager (Male) |
| 14:55 | Build | Palisade Wall |
| 15:07 | Build | Palisade Wall |
| 15:11 | Build | Palisade Wall |
| 15:20 | Build | Palisade Wall |
| 15:21 | Queue | Skirmisher |
| 15:21 | Queue | Villager (Male) |
| 15:25 | Queue | Villager (Male) |
| 15:38 | Build | Farm |
| 15:50 | Build | Farm |
| 15:55 | Build | Farm |
| 16:26 | Build | Farm |
| 16:29 | Build | Farm |
| 16:47 | Queue | Skirmisher |
| 17:04 | Queue | Villager (Male) |
| 17:08 | Build | Farm |
| 17:08 | Queue | Villager (Male) |
| 17:16 | Build | House |
| 17:21 | Build | Farm |
| 18:06 | Build | House |
| 18:30 | Research | Castle Age |
| 18:42 | Build | House |
| 18:42 | Build | House |
| 19:01 | Research | Double-Bit Axe |
| 19:06 | Queue | Skirmisher |
| 19:26 | Queue | Skirmisher |
| 19:29 | Research | Horse Collar |
| 19:29 | Queue | Skirmisher |
| 19:47 | Build | House |
| 19:47 | Build | House |
| 19:57 | Queue | Skirmisher |
| 20:02 | Build | Stable |
| 20:12 | Queue | Skirmisher |
| 20:13 | Queue | Villager (Male) |
| 20:40 | Queue | Skirmisher |
| 20:56 | Queue | Skirmisher |
| 20:56 | Research | Scale Barding Armor |
| 20:59 | Build | Farm |
| 21:02 | Build | Farm |
| 21:03 | Build | Farm |
| 21:10 | Age | Castle Age |
| 21:11 | Queue | Knight |
| 21:11 | Queue | Knight |
| 21:16 | Build | Town Center |
| 21:36 | Research | Elite Skirmisher (upgrade) |
| 21:37 | Queue | Villager (Male) |
| 21:42 | Research | Bodkin Arrow |
| 21:56 | Queue | Villager (Male) |
| 21:59 | Build | Monastery |
| 22:13 | Queue | Villager (Male) |
| 22:36 | Queue | Villager (Male) |
| 22:38 | Queue | Monk |
| 22:53 | Queue | Villager (Male) |
| 22:55 | Build | Siege Workshop |
| 23:13 | Queue | Villager (Male) |
| 23:26 | Queue | Villager (Male) |
| 23:42 | Queue | Mangonel |
| 23:51 | Build | House |
Match timeline
| 3:58 | Scotty · first_building Barracks |
| 5:03 | NOC | Mati · first_building Barracks |
| 6:10 | NOC | Mati · wall_segment Palisade Wall x6 |
| 7:33 | NOC | Mati · wall_segment Palisade Wall x1 |
| 7:36 | NOC | Mati · wall_segment Palisade Wall x1 |
| 7:46 | NOC | Mati · wall_segment Palisade Wall x1 |
| 7:47 | NOC | Mati · wall_segment Palisade Wall x1 |
| 8:59 | NOC | Mati · wall_segment Palisade Wall x10 |
| 9:28 | Scotty · wall_segment Palisade Wall x1 |
| 9:32 | NOC | Mati · wall_segment Palisade Wall x1 |
| 9:34 | Scotty · wall_segment Palisade Wall x1 |
| 9:35 | Scotty · wall_segment Palisade Wall x1 |
| 9:35 | Scotty · wall_segment Palisade Wall x1 |
| 9:44 | Scotty · age_up feudal |
| 9:52 | Scotty · first_building Archery Range |
| 10:04 | NOC | Mati · wall_segment Palisade Wall x1 |
| 10:05 | NOC | Mati · wall_segment Palisade Wall x1 |
| 10:07 | NOC | Mati · age_up feudal |
| 10:12 | NOC | Mati · wall_segment Palisade Wall x1 |
| 10:19 | NOC | Mati · first_building Archery Range |
| 10:28 | Scotty · wall_segment Palisade Wall x1 |
| 10:30 | Scotty · wall_segment Palisade Wall x1 |
| 10:32 | NOC | Mati · wall_segment Palisade Wall x1 |
| 12:07 | NOC | Mati · wall_segment Palisade Wall x3 |
| 12:12 | NOC | Mati · wall_segment Palisade Wall x1 |
| 12:13 | NOC | Mati · wall_segment Palisade Wall x1 |
| 12:15 | NOC | Mati · wall_segment Palisade Wall x1 |
| 12:19 | NOC | Mati · wall_segment Palisade Wall x1 |
| 12:33 | NOC | Mati · wall_segment Palisade Wall x1 |
| 12:34 | NOC | Mati · wall_segment Palisade Wall x1 |
| 12:39 | NOC | Mati · wall_segment Palisade Wall x1 |
| 12:40 | NOC | Mati · wall_segment Palisade Wall x1 |
| 12:48 | NOC | Mati · wall_segment Palisade Wall x3 |
| 12:49 | NOC | Mati · wall_segment Palisade Wall x1 |
| 12:56 | NOC | Mati · wall_segment Palisade Wall x6 |
| 13:09 | NOC | Mati · wall_segment Palisade Wall x3 |
| 14:55 | NOC | Mati · wall_segment Palisade Wall x8 |
| 15:07 | NOC | Mati · wall_segment Palisade Wall x19 |
| 15:11 | NOC | Mati · wall_segment Palisade Wall x1 |
| 15:20 | NOC | Mati · wall_segment Palisade Wall x6 |
| 20:02 | NOC | Mati · first_building Stable |
| 21:10 | NOC | Mati · age_up castle |
| 21:36 | Scotty · age_up castle |
| 21:59 | NOC | Mati · first_building Monastery |
| 22:55 | NOC | Mati · first_building Siege Workshop |
| 25:54 | Scotty · first_building Monastery |
| 26:40 | Scotty · first_building Siege Workshop |
| 30:24 | NOC | Mati · first_building Castle |
| 31:52 | NOC | Mati · wall_segment Stone Wall x13 |
| 32:04 | Scotty · first_market_buy 100 food |
| 32:43 | Scotty · first_building Castle |
| 35:33 | Scotty · age_up imperial |
| 35:44 | NOC | Mati · age_up imperial |
| 38:19 | Scotty · first_building Stable |
| 40:45 | Scotty · wall_segment Stone Wall x12 |
| 40:51 | Scotty · wall_segment Stone Wall x13 |
| 45:23 | Scotty · first_market_sell 100 wood |
| 45:46 | Scotty · wall_segment Stone Wall x2 |
| 48:13 | NOC | Mati · resign |
[ AI ANALYSIS · 1 CREDIT ]
What really happened in this match?
Wolo.gg analyzes every decision: build order, eco, micro, common mistakes by bracket. Personalized analysis on WhatsApp or Discord in 30 seconds.
Civ guide
Lithuanians
Perfil
Jugador #301918